 Dungeon Crawl Stone Soup version 0.31.0-32-g396128a36d (webtiles) character file.

Game seed: 8089846104751807778

44 ChrisAssaf the Grave Robber (level 3, -5/25 HPs)
             Began as a Human Necromancer on Apr 6, 2024.
             Was an Initiate of Ru.
             Slain by Grinder (8 damage)
             ... while paralysed by Grinder
             ... on level 3 of the Dungeon.
             The game lasted 00:04:17 (675 turns).

ChrisAssaf the Grave Robber (Human Necromancer)      Turns: 675, Time: 00:04:17

Health: -5/25      AC:  5    Str: 10    XL:     3   Next: 60%
Magic:  6/6        EV:  2    Int: 15    God:    Ru [......]
Gold:   83         SH:  0    Dex: 13    Spells: 2/6 levels left

rFire   . . .        b - +2 short sword (speed)
rCold   . . .        (no shield)
rNeg    . . .        a - +0 robe
rPois   .            (no helmet)
rElec   .            (no cloak)
rCorr   .            f - +2 pair of gloves
SInv    .            (no boots)
Will    .....        (no amulet)
Stlth   ++           (no ring)
HPRegen 0.24/turn    (no ring)
MPRegen 0.10/turn

%: no passive effects
@: paralysed, mighty
A: explore regen
a: Renounce Religion


You were on level 3 of the Dungeon.
You worshipped Ru.
Ru was noncommittal.
You visited 1 branch of the dungeon, and saw 3 of its levels.

You collected 83 gold pieces.

Inventory:

Hand Weapons
 b - a +2 short sword of speed (weapon)
Armour
 a - a +0 robe (worn)
 f - a +2 pair of gloves (worn)
Talismans
 h - a flux talisman
Wands
 e - a wand of digging (3)


   Skills:
 * Level 0.6 Fighting
 * Level 0.6 Short Blades
 * Level 0.5 Armour
 * Level 2.1 Dodging
 * Level 2.1 Stealth
 * Level 2.2 Spellcasting
 * Level 4.6 Necromancy
 * Level 0.2 Evocations
 * Level 0.1 Shapeshifting


You had 2 spell levels left.
You knew the following spells:

 Your Spells              Type           Power      Damage    Failure   Level
a - Necrotise             Necr           60%        1d7       3%          1
b - Vampiric Draining     Necr           15%        2d7       10%         3

Your spell library contained the following spells:

 Spells                   Type           Power      Damage    Failure   Level
 Animate Dead             Necr           15%        N/A       32%         4
 Curse of Agony           Necr           15%        N/A       67%         5
 Brom's Barrelling Bould  Conj/Erth      1%         2d3       91%         4
 Fireball                 Conj/Fire      0%         3d3       99%         5
 Iskenderun's Battlesphe  Conj           1%         2d6       99%         5
 Conjure Ball Lightning   Conj/Air       0%         3x3d6     100%        6
 Orb of Destruction       Conj           0%         9d5       100%        7


Dungeon Overview and Level Annotations

Branches:
Dungeon (3/15)

Altars:
Ru
Zin

Annotations:
D:3 Grinder


Innate Abilities, Weirdness & Mutations

You regain HP and MP as you explore.


Message History

There is a fountain of clear blue water here.
There is an open door here.
You now have 83 gold pieces (gained 6).
Grinder comes into view.
Grinder shouts!
Grinder gestures at you.
You suddenly lose the ability to move!
Grinder hits you.
You writhe in agony.
Grinder hits you but does no damage.
You can move again.
Unknown command.
It was a potion of curing.
You feel better. Grinder gestures at you.
You shrug off the repeated paralysis!
Unknown command.
It was a potion of heal wounds.
You feel much better. Grinder hits you but does no damage.
It was a potion of might.
You feel very mighty all of a sudden. Grinder hits you.
You writhe in agony.
You completely miss Grinder.
Grinder blinks!
Grinder blinks!
Grinder attacks as she pursues you! Grinder hits you.
You writhe in agony.
You closely miss Grinder. You puncture Grinder!
Grinder is moderately wounded.
Grinder barely misses you.
You closely miss Grinder.
Grinder is moderately wounded.
Grinder gestures at you.
You suddenly lose the ability to move!
Grinder hits you but does no damage. Grinder hits you.
You writhe in agony.
Grinder hits you.
* * * LOW HITPOINT WARNING * * *
You writhe in agony.
* * * LOW HITPOINT WARNING * * *
Grinder hits you!
You die...
Grinder sighs, "Dead already?
I want a refund."

.........#....#
#.##.###..#
########....###
#.........#
.......#.#..#
####.####.# #
......⌠#....#
#.####....
._.._..#....#
#.........
......⌠'.#..###
#.#####..#
########......# #..#
#....###....#.#######.#
......##.#..#.#.@5..#.#
#.)..##.....# #.#.#.#.#
#8..8#......#...#.#...#
.........##.#####.#####
##.####.## .# #.# #†#
#... # #.# #.# #####
... #.# ### ##+#
##.######## #...#


You could see Grinder.

Vanquished Creatures
  2 adders
  A dart slug (D:2)
  4 bats
  3 endoplasms
  3 giant cockroaches
  3 goblins
  3 hobgoblins (D:1)
  2 kobolds
21 creatures vanquished.

Notes
Turn   | Place    | Note
-------+----------+-------------------------------------------
     0 | D:1      | ChrisAssaf the Human Necromancer began the quest for the
                  | Orb.
     0 | D:1      | Reached XP level 1. HP: 13/13 MP: 3/3
    83 | D:1      | Reached XP level 2. HP: 19/19 MP: 5/5
   309 | D:2      | Reached XP level 3. HP: 25/25 MP: 1/6
   313 | D:2      | Learned a level 3 spell: Vampiric Draining
   567 | D:3      | Found a sacrificial altar of Ru.
   567 | D:3      | Found a glowing silver altar of Zin.
   614 | D:3      | Became a worshipper of Ru the Awakened
   658 | D:3      | Noticed Grinder
   658 | D:3      | Paralysed by Grinder for 4 turns
   671 | D:3      | Paralysed by Grinder for 4 turns
   675 | D:3      | Slain by Grinder

Illustrated notes

Levels and vault maps discovered:
D:1:      mainiacjoe_arrival_oval_in_oval, layout_basic,
          hellmonk_ecumenical_altar_heavens_door
D:2:      layout_loops_ring
D:3:      layout_loops_ring, jmf_multi_god_temple, ebering_ghost_rock_garden,
          grunt_ministairs_13, minmay_misc_feat_ornament,
          hangedman_decor_diamond_cutter, minmay_vboxes, uniq_grinder

Action                     || total
---------------------------++-------
  Melee: Short sword       ||    36
   Cast: Necrotise         ||    21
    Use: Potion            ||     4
         Scroll            ||     3
   Stab: Sleeping          ||     2
 Armour: Robe              ||    35
  Dodge: Dodged            ||    35
